 Dungeon Crawl Stone Soup version 0.22-a0-803-gd6d8abeff0 (webtiles) character file.

191 Askman the Cutter (level 6, -2/38 HPs)
             Began as a Kobold Monk on July 22, 2018.
             Slain by a wight
             ... wielding a +5 long sword
              (12 damage)
             ... on level 3 of the Dungeon.
             The game lasted 00:11:55 (2332 turns).

Askman the Cutter (Kobold Monk)                     Turns: 2332, Time: 00:11:56

Health: -2/38      AC:  3    Str:  9    XL:     6   Next: 1%
Magic:  6/6        EV: 16    Int: 11    God:
Gold:   109        SH:  0    Dex: 19    Spells: 5/5 levels left

rFire    . . .     SeeInvis .   a - +0 short sword
rCold    . . .     Gourm    .   (shield restricted)
rNeg     . . .     Faith    .   g - +0 leather armour
rPois    .         Spirit   .   (no helmet)
rElec    .         Reflect  .   (no cloak)
rCorr    .         Harm     .   (no gloves)
MR       .....                  (no boots)
Stlth    +++.......             (no amulet)
HPRegen  0.12/turn              (no ring)
MPRegen  0.10/turn              (no ring)

@: drained
A: small, carnivore
a: no special abilities


You were on level 3 of the Dungeon.
You were completely stuffed.

You visited 1 branch of the dungeon, and saw 3 of its levels.

You collected 109 gold pieces.

Inventory:

Hand Weapons
 a - a +0 short sword (weapon)
Missiles
 b - 8 tomahawks (quivered)
 f - 20 bolts
Armour
 g - a +0 leather armour (worn)
   (You found it on level 1 of the Dungeon)
 i - a +0 helmet
   (You took it off Robin on level 2 of the Dungeon)
Scrolls
 c - 3 scrolls of identify {unknown}
 d - 2 scrolls of teleportation {unknown}
 h - a scroll of enchant weapon {unknown}
 j - a scroll of remove curse {unknown}
 k - a scroll of fear {unknown}
 l - 2 scrolls of random uselessness {unknown}
Potions
 m - a potion of might {unknown}
 o - a potion of flight {unknown}
 p - a potion of brilliance {unknown}
Comestibles
 e - 6 rations {!d}
 n - 4 chunks of flesh


   Skills:
 + Level 4.1(3.5) Fighting
 * Level 5.7(5.0) Short Blades
 + Level 4.4(3.8) Dodging
 * Level 5.1(4.5) Stealth


You had 5 spell levels left.
You didn't know any spells.
Your spell library was empty.

Dungeon Overview and Level Annotations

Branches:
Dungeon (3/15)

Altars:
Ashenzari
Ru
Sif Muna
Trog


Innate Abilities, Weirdness & Mutations

You are small and have problems with some larger weapons.
You are carnivorous and can eat meat at any time.


Message History

You butcher the hobgoblin corpse.
n - 10 chunks of flesh (gained 2)
A dart slug comes into view.
You start resting.
Some of the chunks of flesh in your inventory have rotted away.
The dart slug is too close now for your liking.
You hit the dart slug. You hit the dart slug but do no damage.
The dart slug bites you.
You hit the dart slug. You barely miss the dart slug.
The dart slug launches a dart at you. The slug dart hits you!
You hit the dart slug. The dart slug misses you.
You hit the dart slug. You completely miss the dart slug.
The dart slug misses you.
You hit the dart slug.
You kill the dart slug!
Found a stone staircase leading down.
You see here a dart slug corpse.
You butcher the dart slug corpse.
n - 11 chunks of flesh (gained 2)
You start resting.
Found a scroll labeled IWKEOM NANA.
There is a stone staircase leading down here.
l - 2 scrolls labeled IWKEOM NANA (gained 1)
Found 13 gold pieces.
You now have 109 gold pieces (gained 13).
Some of the chunks of flesh in your inventory have rotted away.
Some of the chunks of flesh in your inventory have rotted away.
Found a ration. 2 wights come into view.
A bat comes into view.
The bat moves out of view.
Found a viscous pink potion and 5 arrows.
You barely miss the wight.
The wight hits you with an enchanted long sword!
You feel drained.
You hit the wight but do no damage.
The wight hits you with an enchanted long sword.
You feel drained.
You hit the wight but do no damage. You hit the wight.
The wight hits you with an enchanted long sword!
* * * LOW HITPOINT WARNING * * *
You closely miss the wight. The wight barely misses you.
You closely miss the wight. You hit the wight but do no damage.
The wight closely misses you.
You barely miss the wight. The wight closely misses you.
You closely miss the wight.
The wight hits you with an enchanted long sword!
You die...

########
#......####
#.####....########
#.# ####........#
##.# ########.#
##.# ####.# ...#
#zz@.# #### #b####
##### #.# ....#
.b# ....## ....
##...# #...!
##..#####....%..
#..............
###....##...(...


You could see 2 wights and a bat.

Vanquished Creatures
  Natasha (thrice) (D:2)
  Robin (D:2)
  4 adders
  2 worms
  2 dart slugs
  A leopard gecko (D:2)
  6 bats
  17 goblins
  4 hobgoblins
  4 jackals (D:2)
  A quokka (D:2)
  2 frilled lizards
  7 kobolds
  9 rats
63 creatures vanquished.

Notes
Turn   | Place    | Note
-------+----------+-------------------------------------------
     0 | D:1      | Askman the Kobold Monk began the quest for the Orb.
     0 | D:1      | Reached XP level 1. HP: 14/14 MP: 1/1
   537 | D:1      | Reached XP level 2. HP: 15/19 MP: 2/2
   799 | D:2      | Reached XP level 3. HP: 21/23 MP: 3/3
   894 | D:2      | Noticed Robin
  1036 | D:2      | Killed Robin
  1036 | D:2      | Reached XP level 4. HP: 17/29 MP: 4/4
  1177 | D:2      | Reached skill level 5 in Short Blades
  1353 | D:2      | Found a bloodstained altar of Trog.
  1358 | D:2      | Found a deep blue altar of Sif Muna.
  1361 | D:2      | Noticed Natasha
  1363 | D:2      | Found a sacrificial altar of Ru.
  1393 | D:2      | Killed Natasha
  1393 | D:2      | Reached XP level 5. HP: 3/33 MP: 5/5
  1663 | D:2      | Found a shattered altar of Ashenzari.
  1723 | D:2      | Noticed Natasha
  1731 | D:2      | Killed Natasha
  1856 | D:2      | Noticed Natasha
  1869 | D:2      | Killed Natasha
  1886 | D:3      | Reached skill level 5 in Stealth
  2162 | D:3      | Reached XP level 6. HP: 33/38 MP: 6/6
  2332 | D:3      | Slain by a wight

Vault maps used:
D:1:      roderic_octagonal_star, hex_medium
D:2:      grunt_temple_overflow_open, first_ration, uniq_natasha, uniq_robin

Skill      XL: |  1  2  3  4  5 |
---------------+----------------+-----
Stealth        | 3 4 5 |  5.1
Dodging        | 4 |  4.4
Short Blades   | 5 |  5.7
Fighting       | 4 |  4.1

Action                   |  1- 3 |  4- 6 || total
-------------------------+-------+-------++-------
Melee: Short sword       |   116 |   152 ||   268
  Use: Potion            |     1 |     2 ||     3
 Stab: Sleeping          |     3 |     4 ||     7
       Distracted        |       |     2 ||     2
  Eat: Chunk             |     9 |     4 ||    13
Armor: Robe              |     7 |       ||     7
       Leather armour    |     8 |    21 ||    29
Dodge: Dodged            |   105 |   102 ||   207

Table legend:
 A = Spawn XP
 B = Non-spawn XP
 C = Spawn XP percentage of total XP
 D = Spawn monster count
 E = Non-spawn monster count
 F = Spawn count percentage of total count
 G = Total turns spent on level
                    A         B        C        D         E        F      G
               +---------+---------+-------+---------+---------+-------+---------
         Total |       0 |     273 |   0.0 |       0 |      63 |   0.0 |  2332
               +---------+---------+-------+---------+---------+-------+---------
           D:1 |       0 |      10 |   0.0 |       0 |       7 |   0.0 |   736
           D:2 |       0 |     221 |   0.0 |       0 |      40 |   0.0 |  1149
           D:3 |       0 |      42 |   0.0 |       0 |      16 |   0.0 |   447
               +---------+---------+-------+---------+---------+-------+---------
